 Dungeon Crawl Stone Soup version 0.31-a0-806-g0bc164a743 (webtiles) character file.

Game seed: 11411020771189742011

10884 hikkokomori the Fighter (level 11, 0/72 HPs)
             Began as a Gargoyle Fighter on Sept 20, 2023.
             Was a High Priest of Okawaru.
             Slain by a seven-headed hydra (10 damage)
             ... on level 2 of the Lair of Beasts.
             The game lasted 00:23:26 (11913 turns).

hikkokomori the Fighter (Gargoyle Fighter)         Turns: 11913, Time: 00:23:27

Health: 0/72       AC: 18    Str: 22    XL:     11   Next: 69%
Magic:  18/18      EV: 12    Int: 11    God:    Okawaru [*****.]
Gold:   785        SH:  5    Dex:  9    Spells: 18/20 levels left

rFire   + . .        F - +0 morningstar
rCold   . . .        c - +0 buckler
rNeg    + . .        b - +2 ring mail {rF+}
rPois   ∞            (no helmet)
rElec   +            j - +0 cloak
rCorr   .            (no gloves)
SInv    .            k - +0 pair of boots
Will    .....        (no amulet)
Stlth   ++           (no ring)
HPRegen 0.32/turn    (no ring)
MPRegen 0.16/turn

%: no passive effects
@: mighty
A: sickness immunity, AC +8, negative energy resistance 1, electricity
resistance, torment resistance 1, petrification resistance
a: Renounce Religion, Heroism, Finesse, Duel


You were on level 2 of the Lair of Beasts.
You worshipped Okawaru.
Okawaru was extremely pleased with you.
You visited 3 branches of the dungeon, and saw 13 of its levels.

You collected 785 gold pieces.

Inventory:

Hand Weapons
 a - a +0 war axe
 r - a +4 dagger
 F - a +0 morningstar (weapon)
 I - a +2 broad axe
Missiles
 o - 3 atropa-tipped darts
 E - 14 poisoned darts
Armour
 b - a +2 ring mail of fire resistance (worn)
 c - a +0 buckler (worn)
 j - a +0 cloak (worn)
 k - a +0 pair of boots (worn)
 y - a scarf of invisibility
 C - +0 steam dragon scales
Jewellery
 m - a ring of fire
 v - a ring of willpower
 H - an amulet of reflection
Wands
 n - a wand of paralysis (22)
 t - a wand of flame (18)
Scrolls
 g - 5 scrolls of teleportation
 h - 4 scrolls of blinking
 l - a scroll of acquirement
 q - 3 scrolls of vulnerability
 s - 3 scrolls of noise
 u - 2 scrolls of poison
 w - a scroll of immolation
 G - a scroll of torment {unknown}
Potions
 f - a potion of magic {unknown}
 i - 3 potions of curing
 p - a potion of heal wounds
 x - 2 potions of resistance
 z - 2 potions of enlightenment
 A - 2 potions of brilliance
 B - 2 potions of lignification
 D - 2 potions of attraction


   Skills:
 + Level 9.8 Fighting
 + Level 7.9 Axes
 + Level 2.3 Throwing
 + Level 5.7 Armour
 - Level 5.0 Dodging
 - Level 4.1 Stealth
 - Level 6.1 Shields
 + Level 5.2 Spellcasting
 - Level 3.0 Translocations
 + Level 5.9 Invocations
 - Level 2.8 Evocations


You had 18 spell levels left.
You knew the following spells:

 Your Spells              Type           Power      Damage    Failure   Level
a - Blink                 Tloc           18%        N/A       17%         2

Your spell library contained the following spells:

 Spells                   Type           Power      Damage    Failure   Level
 Apportation              Tloc           18%        N/A       11%         1
 Lesser Beckoning         Tloc           18%        N/A       17%         2
 Momentum Strike          Conj/Tloc      12%        3d8       30%         2
 Jinxbite                 Hex            4%         N/A       52%         2
 Volatile Blastmotes      Fire/Tloc      12%        2d11      52%         3
 Manifold Assault         Tloc           9%         N/A       73%         4
 Iskenderun's Mystic Bla  Conj/Tloc      6%         2d4       90%         4
 Fulminant Prism          Conj/Hex       1%         3d5       98%         4
 Alistair's Intoxication  Tmut/Pois      1%         N/A       100%        5
 Dispersal                Tloc           4%         N/A       100%        6
 Disjunction              Tloc           4%         N/A       100%        8


Dungeon Overview and Level Annotations

Branches:
Dungeon (10/15)            Temple (1/1) D:6            Lair (2/5) D:10
  Swamp: Lair:2-3    Shoals: Lair:2-3     Snake: Lair:2-3    Spider: Lair:2-3
    Orc: D:9-12

Altars:
Ashenzari
Cheibriados
Dithmenos
Elyvilon
Fedhas
Hepliaklqana
Kikubaaqudgha
Makhleb
Nemelex Xobeh
Okawaru
Qazlal
Ru
Sif Muna
Trog
Uskayaw
Vehumet
Wu Jian
Xom
Yredelemnul
Zin
The Shining One

Shops:
D:1 [   D:9 *


Innate Abilities, Weirdness & Mutations

You are immune to sickness and miasma.
Your stone body is resilient. (AC +8)
You are immune to poison.
You resist negative energy. (rN+)
You are resistant to electric shocks. (rElec)
You are resistant to unholy torment.
You are immune to petrification.


Message History

The seven-headed hydra misses you.
You block the seven-headed hydra's attack.
The seven-headed hydra bites you but does no damage. x3
The seven-headed hydra completely misses you.
The seven-headed hydra bites you!
You feel very mighty all of a sudden.
The seven-headed hydra bites you but does no damage.
The seven-headed hydra barely misses you.
You block the seven-headed hydra's attack.
The seven-headed hydra bites you but does no damage.
The seven-headed hydra closely misses you.
The seven-headed hydra bites you but does no damage.
You block the seven-headed hydra's attack.
You barely miss the seven-headed hydra.
The seven-headed hydra is moderately wounded.
The seven-headed hydra bites you.
The seven-headed hydra bites you but does no damage.
The seven-headed hydra completely misses you.
The seven-headed hydra bites you! The seven-headed hydra bites you.
The seven-headed hydra closely misses you.
The seven-headed hydra completely misses you.
You thump the seven-headed hydra!
The seven-headed hydra is heavily wounded.
The seven-headed hydra bites you.
The seven-headed hydra bites you but does no damage.
The seven-headed hydra completely misses you.
The seven-headed hydra bites you but does no damage. x3
You block the seven-headed hydra's attack.
You hit the seven-headed hydra.
The seven-headed hydra is heavily wounded.
The seven-headed hydra closely misses you.
The seven-headed hydra bites you but does no damage.
The seven-headed hydra closely misses you.
The seven-headed hydra bites you!
* * * LOW HITPOINT WARNING * * *
The seven-headed hydra bites you.
* * * LOW HITPOINT WARNING * * *
The seven-headed hydra completely misses you.
The seven-headed hydra bites you!
You die...

............(.....#######
............(.?...#.#...####
..............#....#.#..P#P#
....$..............P.......#
#.........................###
............................##
###...........................#.#
.............................###.
............###D@.>.............#
............# #..................
...........## ##.................
............# ####.#............
............# #.###...........
..........##..# #.# #...........
...........#..# ## #PP.........
............#.# #...........
†.....#....P#.# #.#..#.#....


You could see a seven-headed hydra.

Vanquished Creatures
  A boulder beetle (Lair:1)
  Amaemon (D:8)
  2 elephants
  Maurice (D:8)
  An orange demon (D:8)
  2 cane toads (Lair:1)
  A komodo dragon (Lair:1)
  3 trolls
  9 yaks
  A wraith (D:10)
  5 steam dragons
  A basilisk (Lair:1)
  An acid dragon (D:10)
  10 water moccasins
  2 black bears
  6 ice beasts
  A hornet zombie (D:5)
  An orc warrior (D:9)
  A sky beast (D:7)
  An ogre (D:5)
  3 centaurs
  A phantom (D:5)
  4 kobold brigands
  5 bullfrogs
  A gnoll sergeant (D:8)
  4 scorpions
  4 wights
  5 killer bees (D:8)
  4 howler monkeys
  2 bullfrog zombies (D:5)
  3 centaur zombies (D:5)
  A hound (D:4)
  A gnoll bouda (D:7)
  4 orc priests
  Jessica (D:3)
  2 iguanas
  4 orc wizards
  3 hound zombies (D:5)
  A howler monkey zombie (D:5)
  6 gnolls
  A howler monkey skeleton (D:5)
  7 adders
  2 shadow imps (D:8)
  2 white imps
  An ufetubus (D:4)
  3 dart slugs
  15 orcs
  4 bats
  6 endoplasms
  4 giant cockroaches
  4 goblins
  9 hobgoblins
  3 jackals (D:1)
  3 quokkas
  6 ball pythons
  3 frilled lizards
  26 kobolds
  2 rats (D:1)
211 creatures vanquished.

Notes
Turn   | Place    | Note
-------+----------+-------------------------------------------
     0 | D:1      | hikkokomori the Gargoyle Fighter began the quest for the
                  | Orb.
     0 | D:1      | Reached XP level 1. HP: 14/14 MP: 1/1
   253 | D:1      | Reached XP level 2. HP: 15/19 MP: 2/2
   379 | D:1      | Found Emnemed's Armour Shoppe.
   704 | D:1      | Reached XP level 3. HP: 23/23 MP: 3/3
  1450 | D:2      | Reached XP level 4. HP: 29/29 MP: 4/4
  1684 | D:3      | Found a hide-covered altar of Uskayaw.
  1986 | D:3      | Noticed Jessica
  1993 | D:3      | Killed Jessica
  1994 | D:3      | Reached skill level 4 in Fighting
  2366 | D:4      | Noticed a scorpion
  2374 | D:4      | Killed a scorpion
  2375 | D:4      | Reached XP level 5. HP: 32/33 MP: 5/5
  2433 | D:4      | Noticed a black bear
  2439 | D:4      | Killed a black bear
  2440 | D:4      | Reached XP level 6. HP: 38/39 MP: 6/6
  2649 | D:4      | Found a basalt altar of Yredelemnul.
  3110 | D:5      | Entered Level 5 of the Dungeon
  3126 | D:5      | Reached skill level 1 in Stealth
  3144 | D:4      | Reached skill level 5 in Shields
  3291 | D:5      | Reached skill level 5 in Fighting
  3291 | D:5      | Reached XP level 7. HP: 39/44 MP: 7/7
  4003 | D:5      | Found a shimmering blue altar of Sif Muna.
  4069 | D:5      | Reached XP level 8. HP: 37/51 MP: 8/8
  4221 | D:5      | Reached skill level 6 in Fighting
  4445 | D:6      | You fall into a shaft and drop 2 floors!
  4476 | D:8      | Reached skill level 1 in Dodging
  4476 | D:8      | Reached skill level 1 in Evocations
  4609 | D:8      | Noticed Maurice
  4766 | D:7      | Reached skill level 5 in Axes
  5139 | D:6      | Reached XP level 9. HP: 40/56 MP: 9/9
  5159 | D:6      | Reached skill level 7 in Fighting
  5635 | D:6      | Found a stormy altar of Qazlal.
  5754 | D:6      | Found a staircase to the Ecumenical Temple.
  5758 | D:6      | Learned a level 2 spell: Blink
  5766 | Temple   | Entered the Ecumenical Temple
  5793 | Temple   | Became a worshipper of Warmaster Okawaru
  6013 | D:7      | Found a shadowy altar of Dithmenos.
  6038 | D:7      | Reached skill level 1 in Spellcasting
  6038 | D:7      | Reached skill level 1 in Translocations
  6451 | D:7      | Reached * piety under Okawaru
  6582 | D:7      | Found a snail-covered altar of Cheibriados.
  6630 | D:7      | Reached skill level 1 in Invocations
  6767 | D:7      | Found an ornate altar of the Wu Jian Council.
  7235 | D:8      | Noticed Amaemon
  7239 | D:8      | Noticed an orange demon
  7254 | D:8      | Killed Amaemon
  7254 | D:8      | Reached ** piety under Okawaru
  7255 | D:8      | Reached skill level 8 in Fighting
  7255 | D:8      | Reached XP level 10. HP: 55/64 MP: 12/14
  7920 | D:9      | Found Awysao's General Store.
  8390 | D:8      | Paralysed by Maurice for 4 turns
  8416 | D:8      | Something stole a ring of fire
  8418 | D:8      | Something stole a +0 morningstar
  8419 | D:8      | Something stole 214 gold
  8421 | D:8      | Something stole 189 gold
  8422 | D:8      | Something stole 185 gold
  8430 | D:8      | Killed Maurice
  8430 | D:8      | Reached *** piety under Okawaru
  8659 | D:8      | Killed an orange demon
  9198 | D:10     | Entered Level 10 of the Dungeon
  9507 | D:10     | Reached skill level 9 in Fighting
  9579 | D:10     | Reached **** piety under Okawaru
  9762 | D:10     | Reached XP level 11. HP: 24/71 MP: 17/17
 10152 | D:10     | Found a staircase to the Lair.
 10182 | D:10     | Reached skill level 5 in Dodging
 10665 | D:10     | Identified a scroll of acquirement
 10703 | Lair:1   | Entered Level 1 of the Lair of Beasts
 10779 | Lair:1   | Noticed a boulder beetle
 10789 | Lair:1   | Reached skill level 5 in Invocations
 10802 | Lair:1   | Killed a boulder beetle
 11003 | Lair:1   | Reached skill level 1 in Throwing
 11056 | Lair:1   | Reached skill level 5 in Armour
 11424 | Lair:1   | Reached skill level 5 in Spellcasting
 11424 | Lair:1   | Reached ***** piety under Okawaru
 11788 | Lair:2   | Noticed a seven-headed hydra
 11913 | Lair:2   | Slain by a seven-headed hydra

Illustrated notes

Levels and vault maps discovered:
D:1:      matt_arrival_los_fun, layout_loops_cross, serial_shops,
          nicolae_shop_back_alley_shop
D:2:      layout_basic, minmay_liquid_box
D:3:      layout_loops_ring, mainiacjoe_overflow_catwalk, uniq_jessica
D:4:      layout_basic, lemuel_tele_altar
D:5:      layout_basic, led_sif_pool, serial_undead, serial_undead_e,
          serial_undead_e, serial_undead_b, serial_undead_d, serial_undead_f,
          serial_undead_a, serial_undead_d, serial_undead_b
D:6:      layout_basic, lemuel_round_altar, minmay_temple_entry_poolview,
          eino_tiny_chamber
D:7:      layout_loops_cross, nicolae_overflow_hidden_temple,
          chei_slow_surprise, nicolae_wu_jian_immortal_techniques,
          kennysheep_generic_room_12
D:8:      layout_basic, uniq_maurice, uniq_amaemon
D:9:      kennysheep_steamy, layout_loops_ring, serial_shops,
          nicolae_shop_statue_plus
D:10:     layout_gridville, lair_entry_dummy
Temple:   jpeg_temple_clearing
Lair:1:   layout_layer_cave, lemuel_fruit_tree, grunt_megastairs_4,
          serial_bayou_shore_b
Lair:2:   layout_cave_shapes, infiniplex_staircase_pool_2, lemuel_fruit_fields,
          uniq_sonja, uniq_gastronok

Skill      XL: |  1  2  3  4  5  6  7  8  9 10 11 |
---------------+----------------------------------+-----
Axes           | 2 3 4 5 6 7 |  7.9
Armour         | 4 5 |  5.7
Shields        | 4 5 6 |  6.1
Fighting       | 4 5 6 8 9 |  9.8
Stealth        | 1 3 4 |  4.1
Dodging        | 2 3 4 5 |  5.0
Evocations     | 2 |  2.8
Spellcasting   | 2 4 5 |  5.2
Translocations | 2 3 |  3.0
Invocations    | 2 4 5 |  5.9
Throwing       | 2 |  2.3

Action                     |  1- 3 |  4- 6 |  7- 9 | 10-12 || total
---------------------------+-------+-------+-------+-------++-------
  Melee: War axe           |   110 |    94 |   420 |   256 ||   880
         Broad axe         |       |       |       |   158 ||   158
         Morningstar       |       |       |       |     5 ||     5
  Throw: Dart              |       |     4 |     1 |     7 ||    12
  Evoke: Wand              |       |     2 |     3 |     3 ||     8
    Use: Scroll            |       |     2 |     6 |    13 ||    21
         Potion            |       |     1 |     2 |     5 ||     8
   Stab: Sleeping          |       |       |     4 |     4 ||     8
         Distracted        |       |       |     1 |     1 ||     2
         Paralysed         |       |       |     1 |       ||     1
 Armour: Scale mail        |    89 |   101 |    92 |       ||   282
         Steam dragon scal |       |       |   304 |   126 ||   430
         Ring mail         |       |       |       |   317 ||   317
  Dodge: Dodged            |    58 |    49 |   291 |   286 ||   684
  Block: Buckler           |    24 |    23 |   134 |   107 ||   288

Table legend: (Time is in decaauts)
 A = Elapsed time spent in this place.
 B = Non-inter-level travel time spent in this place.
 C = Inter-level travel time spent in this place.
 D = Time resting spent in this place.
 E = Time spent auto-exploring this place.
 F = Levels seen in this place.
 G = Mean time per level.
                   A        B        C        D        E       F      G
               +--------+--------+--------+--------+--------+-----+--------+
         Total |  12232 |  11682 |    550 |   1732 |   7456 |  13 |  940.9 |
       Dungeon |  10929 |  10433 |    496 |   1323 |   7139 |  10 | 1092.9 |
        Temple |     54 |      1 |     53 |      0 |      0 |   1 |   54.0 |
          Lair |   1248 |   1248 |      0 |    409 |    317 |   2 |  624.0 |
               +--------+--------+--------+--------+--------+-----+--------+

Top non-repeatable levels by time:
    D:10: 1534 daAuts
     D:8: 1460 daAuts
     D:5: 1230 daAuts
     D:9: 1176 daAuts
     D:7: 1140 daAuts
     D:6: 1049 daAuts
     D:4: 965 daAuts
  Lair:1: 953 daAuts
     D:2: 862 daAuts
     D:1: 808 daAuts
     D:3: 700 daAuts
  Lair:2: 294 daAuts
  Temple: 54 daAuts
